 Dungeon Crawl Stone Soup version 0.30-a0-715-gdb4ae3ece1 (webtiles) character file.

Game seed: 10084585362050695237

79 hikkokomori the Trooper (level 4, -1/37 HPs)
             Began as a Mummy Chaos Knight on Jan 24, 2023.
             Was a Plaything of Xom.
             Slain by a quasit (2 damage)
             ... summoned by Xom
             ... on level 2 of the Dungeon.
             The game lasted 00:03:37 (1945 turns).

hikkokomori the Trooper (Mummy Chaos Knight)        Turns: 1945, Time: 00:03:38

Health: -1/37      AC:  6    Str: 17      XL:     4   Next: 16%
Magic:  4/4        EV: 10    Int: 11      God:    Xom [.*....]
Gold:   28         SH:  5    Dex:  5 (11) Spells: 3/3 levels left

rFire   x . .      SeeInvis .    a - +0 hand axe (chaos)
rCold   + . .      Faith    +    (no shield)
rNeg    + + +      Spirit   .    f - +0 ring mail
rPois   ∞          Reflect  +    (no helmet)
rElec   .          Harm     .    (no cloak)
rCorr   .          Rampage  .    (no gloves)
Will    .....                    j - +0 pair of boots Stlth
                                 d - amulet of reflection
HPRegen 0.26/turn                (no ring)
MPRegen 0.09/turn                (no ring)

@: silenced
A: cold resistance 1, negative energy resistance 3, torment resistance 2, heat
vulnerability 1, in touch with death 1, no potions, faith
a: Renounce Religion


You were on level 2 of the Dungeon.
You worshipped Xom.
You were a plaything of Xom.
You visited 1 branch of the dungeon, and saw 2 of its levels.

You collected 28 gold pieces.

Inventory:

Hand Weapons
 a - a +0 hand axe of chaos (weapon)
Armour
 b - a +2 leather armour
 f - a +0 ring mail (worn)
 j - a +0 pair of boots (worn)
Jewellery
 d - an amulet of reflection (around neck)
 m - an amulet of magic regeneration
 n - a ring of fire
 o - an amulet of the acrobat
Scrolls
 e - a scroll of identify
 g - a scroll of fear
 h - a scroll of enchant weapon
 k - a scroll of torment {unknown}
 l - a scroll of noise {unknown}
Miscellaneous
 c - a piece from Xom's chessboard (14/15) (quivered)


   Skills:
 + Level 3.6 Fighting
 + Level 2.9 Axes
 + Level 2.2 Armour
 + Level 1.7 Dodging


You had 3 spell levels left.
You didn't know any spells.
Your spell library was empty.

Dungeon Overview and Level Annotations

Branches:
Dungeon (2/15)

Altars:


Innate Abilities, Weirdness & Mutations

You are immune to poison.
Your flesh is cold resistant. (rC+)
You are immune to negative energy. (rN+++)
You are immune to unholy pain and torment.
You are vulnerable to heat. (rF-)
You are in touch with the powers of death.
You do not drink.
You have a special connection with the divine. (Faith)


Message History

The quasit is moderately wounded.
You block the quasit's attack. The quasit barely misses you. x3
The quasit closely misses you.
The quasit claws you but does no damage.
The crimson imp blinks!
You barely miss the quasit.
The quasit is moderately wounded.
You block the quasit's attack.
The quasit claws you but does no damage.
You block the quasit's attack.
The quasit bites you but does no damage.
The quasit claws you but does no damage.
The quasit claws you.
* * * LOW HITPOINT WARNING * * *
You feel clumsy.
The crimson imp blinks!
You miss the quasit. Your punch misses the quasit.
The quasit is moderately wounded.
The crimson imp seems to regain its courage.
You block the quasit's attack. The quasit closely misses you.
You block the quasit's attack. The quasit misses you. x2
You block the quasit's attack.
You closely miss the quasit.
The quasit is moderately wounded.
You hit the crimson imp.
The crimson imp is poisoned.
The quasit barely misses you. You block the quasit's attack.
The quasit closely misses you. The quasit barely misses you.
The quasit claws you but does no damage. x2
The crimson imp blinks!
You hit the quasit.
The quasit convulses.
The quasit is heavily wounded.
You hit the crimson imp.
The crimson imp convulses.
The quasit barely misses you. The quasit claws you.
* * * LOW HITPOINT WARNING * * *
The quasit closely misses you. The quasit barely misses you.
The quasit claws you but does no damage. x2
The crimson imp barely misses you. You block the quasit's attack.
The quasit claws you.
You die... "It was about time."

##÷#.##.##.#.## #)##..
##.#.##.#.##.#.## #....#
##.#.##.#.#.##.#.## #....#
##)#.##.#.#.#.##.#.###....#
###.#.##.#..##.#.##.#.##....#
###.##.#.##.#..##.#.##.#.#....#
#....##.#.##5#..##.#.##.#...>.+
#.#.#.##.#.##5§#!##.#.##......#
#.##.#.##.#.##@.#.##.#.##.#....
###.###.#.##.#.##5.#.##.#.###.###
..>...##.#.##.#.#.#.##.#.## #.#
#####.###.#.##.#.#.##.#.## #.###
#...##.#.##.#.##.#.######.#..
#...###.#.##.##.#.##.........
####.....##.#.###.#.##.....###..
##........###.#.#.#.###.....# #..
.+..........##.#.#.## #.....####.


You could see 2 quasits and a crimson imp (summoned, unsilenced, very poisoned).

Vanquished Creatures
  An adder (D:2)
  A worm (D:2)
  2 dart slugs (D:1)
  2 ball pythons (D:2)
  3 endoplasms (D:1)
  4 giant cockroaches
  5 goblins
  6 hobgoblins
  2 jackals (D:1)
  8 quokkas
  9 bats
  4 frilled lizards
  5 kobolds
  5 rats
57 creatures vanquished.

Notes
Turn   | Place    | Note
-------+----------+-------------------------------------------
     0 | D:1      | hikkokomori the Mummy Chaos Knight began the quest for the
                  | Orb.
     0 | D:1      | Reached XP level 1. HP: 18/18 MP: 1/1
   224 | D:1      | Reached skill level 1 in Dodging
   236 | D:1      | XOM: silly message
   251 | D:1      | Reached XP level 2. HP: 19/24 MP: 2/2
   361 | D:1      | XOM: noise
   596 | D:1      | Gained mutation: You are in touch with the powers of death.
                  | [Mummy growth]
   596 | D:1      | Reached XP level 3. HP: 29/29 MP: 3/3
   648 | D:1      | XOM: summons 2 hostile shadow creatures
   656 | D:1      | XOM: noise
   662 | D:1      | XOM: silly message
   882 | D:2      | XOM: silly message
  1223 | D:2      | XOM: noise
  1397 | D:2      | XOM: 1-stop teleportation journey
  1469 | D:2      | Reached XP level 4. HP: 36/36 MP: 4/4
  1695 | D:2      | XOM: god gift: scroll labelled JIEKHU WICETT {god gift}
  1925 | D:2      | XOM: summons 3 hostile demons
  1929 | D:2      | XOM: smoke on damage
  1945 | D:2      | HP: 1/37 [quasit[Xom] (1)]
  1945 | D:2      | Slain by a quasit

Illustrated notes

Levels and vault maps discovered:
D:1:      dpeg_arrival_leaves_temple_mockup, layout_basic
D:2:      minmay_inner_zag, layout_basic, basic_altar

Skill      XL: |  1  2 |
---------------+-------+-----
Dodging        | 1 |  1.7
Armour         | 2 |  2.2
Fighting       | |  3.6
Axes           | |  2.9

Action                     |  1- 3 |  4- 6 || total
---------------------------+-------+-------++-------
  Melee: Hand axe          |   117 |    54 ||   171
  Evoke: Piece from Xom's  |     3 |     1 ||     4
    Use: Scroll            |       |     4 ||     4
   Stab: Paralysed         |     1 |       ||     1
         Confused          |     1 |       ||     1
 Armour: Leather armour    |    11 |       ||    11
         Ring mail         |    33 |    50 ||    83
  Dodge: Dodged            |    61 |    77 ||   138
  Block: Other             |    24 |    29 ||    53
         Reflection        |     2 |       ||     2

Table legend: (Time is in decaauts)
 A = Elapsed time spent in this place.
 B = Non-inter-level travel time spent in this place.
 C = Inter-level travel time spent in this place.
 D = Time resting spent in this place.
 E = Time spent auto-exploring this place.
 F = Levels seen in this place.
 G = Mean time per level.
                   A        B        C        D        E       F      G
               +--------+--------+--------+--------+--------+-----+--------+
         Total |   1972 |   1946 |     26 |      0 |   1522 |   2 |  986.0 |
       Dungeon |   1972 |   1946 |     26 |      0 |   1522 |   2 |  986.0 |
               +--------+--------+--------+--------+--------+-----+--------+

Top non-repeatable levels by time:
     D:2: 1105 daAuts
     D:1: 866 daAuts
